 Dungeon Crawl Stone Soup version 0.29.0-4-gdea44cf6ec (webtiles) character file.

Game seed: 15648199557144852173

820 qw the Grappler (level 7, -8/67 HPs)
             Began as a Troll Cinder Acolyte on Aug 30, 2022.
             Was a High Priest of Ignis.
             Mangled by a troll (14 damage)
             ... on level 5 of the Dungeon.
             The game lasted 00:02:24 (4240 turns).

qw the Grappler (Troll Cinder Acolyte)              Turns: 4240, Time: 00:02:25

Health: -8/67      AC: 11    Str: 25    XL:     7   Next: 63%
Magic:  7/7        EV:  9    Int: 10    God:    Ignis [*****.]
Gold:   110        SH:  0    Dex: 11    Spells: 8/8 levels left

rFire   + . .      SeeInvis .     - Unarmed
rCold   . . .      Faith    .   (no shield)
rNeg    . . .      Spirit   .   a - +0 robe
rPois   .          Reflect  .   (helmet restricted)
rElec   .          Harm     .   (no cloak)
rCorr   .          Rampage  .   (gloves unavailable)
Will    .....                   (boots unavailable)
Stlth   +.........              i - amulet of the acrobat
HPRegen 1.01/turn               g - +6 ring of dexterity
MPRegen 0.10/turn               (no ring)

@: about to teleport, fiery-armoured
A: large, unfitting armour, claws 3, regeneration 1, shaggy fur 1, tough skin 1
a: Renounce Religion, Fiery Armour, Foxfire Swarm, Rising Flame


You were on level 5 of the Dungeon.
You worshipped Ignis.
Ignis was extremely pleased with you.
You visited 1 branch of the dungeon, and saw 5 of its levels.

You collected 269 gold pieces.
You spent 159 gold pieces at shops.


Innate Abilities, Weirdness & Mutations

You are too large for most types of armour.
You have claws for hands.
Your natural rate of healing is unusually fast.
You are covered in fur. (AC +1)
You have tough skin. (AC +1)


   Skills:
 - Level 3.2 Fighting
 - Level 1.3 Dodging
 + Level 8.5 Unarmed Combat
 - Level 1.0 Spellcasting
 - Level 2.1 Fire Magic


You had 8 spell levels left.
You didn't know any spells.
Your spell library contained the following spells:

 Spells                   Type           Power      Damage    Failure   Level
 Scorch                   Fire           8%         2d5       22%         2

Inventory:

Armour
 a - a +0 robe (worn)
Jewellery
 b - an amulet of regeneration
 g - a +6 ring of dexterity (left claw)
 i - an amulet of the acrobat (around neck)
Scrolls
 e - a scroll of identify
Potions
 c - a potion of heal wounds
 d - a potion of haste
 h - a potion of invisibility {unknown}
 j - a potion of resistance {unknown}
 k - 3 potions of curing
 l - a potion of might {unknown}

Dungeon Overview and Level Annotations

Branches:
Dungeon (5/15)             Temple (0/1) D:5

Altars:
Xom

Shops:
D:4 *

Annotations:
D:3 1 runed translucent door, Crazy Yiuf


Message History

4220 ||| Stepping ~*~*~tactically~*~*~ (stealth).
You start waiting.
You are no longer corroded.
A shadow imp is nearby!
The shadow imp shouts!
There is an open door here.
You scratch the shadow imp.
The shadow imp is lightly wounded.
The shadow imp hits you.
You claw the shadow imp!
The shadow imp is almost dead.
You scratch the shadow imp.
You kill the shadow imp!
A troll comes into view.
You claw the troll! Your claw misses the troll.
The troll is moderately wounded.
The troll barely misses you. The troll claws you but does no damage.
The troll claws you!
You scratch the troll.
The troll is moderately wounded.
The troll bites you! The troll claws you! The troll barely misses you.
You closely miss the troll.
The troll is moderately wounded.
The troll bites you. The troll claws you. x2
You claw the troll!
The troll is heavily wounded.
The troll bites you. The troll claws you! The troll closely misses you.
4239 ||| INVOKING Fiery Armour.
A protective cloak of flame settles atop you.
The troll bites you. The troll claws you.
The troll is burned by your cloak of flames.
The troll is heavily wounded.
The troll claws you.
The troll is burned by your cloak of flames.
The troll is severely wounded.
4240 ||| READING scroll of teleportation.
As you read the scroll of teleportation, it crumbles to dust.
You feel strangely unstable. The troll bites you!
You die...

..........
###.........
#...........
#...........
#...........
#..........#
#.../......#
#...T......#
####@###....
#.# ....
####'###....
#...........
#...........
##...[........
#.............
#.............
#............>


You could see a troll.

Vanquished Creatures
  An ogre (D:4)
  A centaur (D:5)
  A phantom (D:4)
  Blork the orc (D:4)
  A jelly (D:5)
  3 hounds
  3 orc priests
  2 iguanas
  2 orc wizards
  5 adders
  4 gnolls (D:2)
  A shadow imp (D:5)
  An ufetubus (D:5)
  2 worms (D:2)
  2 dart slugs
  18 orcs
  4 bats
  6 endoplasms
  6 giant cockroaches
  6 hobgoblins
  4 quokkas
  2 ball pythons
  5 frilled lizards
  4 goblins
  9 kobolds
  7 rats
101 creatures vanquished.

Vanquished Creatures (others)
  3 plants (D:4)
3 creatures vanquished.

Grand Total: 104 creatures vanquished

Notes
Turn   | Place    | Note
-------+----------+-------------------------------------------
     0 | D:1      | qw the Troll Cinder Acolyte began the quest for the Orb.
     0 | D:1      | Reached XP level 1. HP: 22/22 MP: 1/1
     0 | D:1      | 0 ||| qw: Version: 0.1-a-95-gae9e614
     0 | D:1      | 0 ||| qw: Game counter: 4375
     0 | D:1      | 0 ||| qw: Always use a shield: true
     0 | D:1      | 0 ||| qw: God list: Okawaru
     0 | D:1      | 0 ||| qw: Allow faded altars: false
     0 | D:1      | 0 ||| qw: Do Orc after D:15 true
     0 | D:1      | 0 ||| qw: Do second Lair branch before Depths: true
     0 | D:1      | 0 ||| qw: Lair rune preference: random
     0 | D:1      | 0 ||| qw: Plans: Normal
     0 | D:1      | 0 ||| PLANNING D:1-11
    81 | D:1      | 81 ||| Stepping ~*~*~tactically~*~*~ (stealth).
    93 | D:1      | 93 ||| Stepping ~*~*~tactically~*~*~ (outnumbered).
    94 | D:1      | 94 ||| Stepping ~*~*~tactically~*~*~ (outnumbered).
    95 | D:1      | 95 ||| Stepping ~*~*~tactically~*~*~ (outnumbered).
   358 | D:1      | Reached XP level 2. HP: 29/29 MP: 2/2
   729 | D:1      | Found a faded altar of an unknown god.
   862 | D:1      | 862 ||| READING 2 scrolls labelled DAEVAELOXI.
   863 | D:1      | 863 ||| READING 2 scrolls labelled DAHUTEHILU.
   868 | D:1      | 868 ||| READING scroll labelled FYNALO QALAQ.
   945 | D:2      | Reached skill level 4 in Unarmed Combat
   978 | D:2      | 978 ||| FLEEEEING.
   979 | D:2      | 979 ||| Stepping ~*~*~tactically~*~*~ (hiding).
  1242 | D:2      | 1242 ||| INVOKING Fiery Armour.
  1248 | D:2      | 1248 ||| Stepping ~*~*~tactically~*~*~ (outnumbered).
  1249 | D:2      | 1249 ||| Stepping ~*~*~tactically~*~*~ (outnumbered).
  1250 | D:2      | 1250 ||| Stepping ~*~*~tactically~*~*~ (outnumbered).
  1251 | D:2      | 1251 ||| Stepping ~*~*~tactically~*~*~ (outnumbered).
  1252 | D:2      | Reached XP level 3. HP: 31/36 MP: 3/3
  1260 | D:2      | Reached XP level 4. HP: 44/44 MP: 4/4
  1295 | D:2      | Reached skill level 5 in Unarmed Combat
  1668 | D:2      | 1668 ||| UPGRADING to amulet of the acrobat.
  1673 | D:2      | 1673 ||| DROPPING ring of flight.
  1674 | D:2      | 1674 ||| READING scroll labelled KOUNLO YKKAHUT.
  1675 | D:2      | 1675 ||| READING scroll labelled CAOMERO NITTO.
  1750 | D:3      | Found a shimmering altar of Xom.
  2263 | D:3      | Found a runed translucent door.
  2264 | D:3      | Noticed Crazy Yiuf
  2699 | D:3      | 2699 ||| READING 2 scrolls of identify.
  2699 | D:3      | 2699 ||| IDENTIFYING fuming pink potion
  2700 | D:3      | 2700 ||| DROPPING potion of ambrosia.
  2917 | D:3      | 2917 ||| READING 3 scrolls of teleportation.
  2925 | D:3      | 2925 ||| Stepping ~*~*~tactically~*~*~ (stealth).
  2927 | D:3      | 2927 ||| Stepping ~*~*~tactically~*~*~ (stealth).
  3022 | D:3      | Reached XP level 5. HP: 50/50 MP: 5/5
  3087 | D:3      | 3087 ||| DROPPING +6 ring of intelligence.
  3088 | D:3      | 3088 ||| READING 2 scrolls of identify.
  3088 | D:3      | 3088 ||| IDENTIFYING white potion
  3142 | D:4      | 3142 ||| STAIRDANCE
  3142 | D:4      | Noticed Blork the orc
  3146 | D:3      | Reached skill level 6 in Unarmed Combat
  3149 | D:4      | 3149 ||| STAIRDANCE
  3164 | D:4      | 3164 ||| STAIRDANCE
  3177 | D:4      | 3177 ||| STAIRDANCE
  3188 | D:4      | 3188 ||| STAIRDANCE
  3203 | D:4      | Killed Blork the orc
  3204 | D:4      | Reached XP level 6. HP: 32/59 MP: 6/6
  3255 | D:4      | 3255 ||| Stepping ~*~*~tactically~*~*~ (outnumbered).
  3257 | D:4      | 3257 ||| Stepping ~*~*~tactically~*~*~ (outnumbered).
  3267 | D:4      | 3267 ||| FLEEEEING.
  3268 | D:4      | 3268 ||| FLEEEEING.
  3269 | D:4      | 3269 ||| FLEEEEING.
  3270 | D:4      | 3270 ||| FLEEEEING.
  3271 | D:4      | 3271 ||| FLEEEEING.
  3380 | D:4      | Reached skill level 7 in Unarmed Combat
  3459 | D:4      | Found Duoce's Assorted Antiques.
  3467 | D:4      | HP: 4/59 [ogre/+0 giant spiked club (29)]
  3468 | D:4      | 3468 ||| READING 2 scrolls of teleportation.
  3469 | D:4      | 3469 ||| DRINKING 2 potions of heal wounds.
  3470 | D:4      | 3470 ||| INVOKING Fiery Armour.
  3475 | D:4      | 3475 ||| FLEEEEING.
  3476 | D:4      | 3476 ||| FLEEEEING.
  3477 | D:4      | 3477 ||| FLEEEEING.
  3478 | D:4      | 3478 ||| STAIRDANCE
  3526 | D:3      | 3526 ||| READING scroll labelled ZEREAMMUORO.
  3527 | D:3      | 3527 ||| READING scroll labelled GAEMU OCZAT.
  3528 | D:3      | 3528 ||| READING scroll labelled RUYRUO COYP.
  3529 | D:3      | 3529 ||| DRINKING 2 metallic green potions.
  3530 | D:3      | 3530 ||| READING 2 scrolls of identify.
  3530 | D:3      | 3530 ||| IDENTIFYING purple potion
  3531 | D:3      | 3531 ||| DROPPING potion of magic.
  3532 | D:3      | 3532 ||| READING scroll of teleportation.
  3648 | D:4      | 3648 ||| Stepping ~*~*~tactically~*~*~ (outnumbered).
  3771 | D:4      | 3771 ||| BUYING green potion (21 gold).
  3771 | D:4      | Bought a green potion for 21 gold pieces
  3771 | D:4      | 3771 ||| BUYING green potion (21 gold).
  3771 | D:4      | Bought a green potion for 21 gold pieces
  3771 | D:4      | 3771 ||| BUYING green potion (21 gold).
  3771 | D:4      | Bought a green potion for 21 gold pieces
  3771 | D:4      | 3771 ||| SHOPLISTING potion of haste (240 gold, have 173).
  3771 | D:4      | 3771 ||| BUYING scroll labelled WIJ HYSOAL (24 gold).
  3771 | D:4      | Bought a scroll labelled WIJ HYSOAL for 24 gold pieces
  3771 | D:4      | 3771 ||| SHOPLISTING scroll of enchant weapon (180 gold,
                  | have 149).
  3771 | D:4      | 3771 ||| BUYING scroll of teleportation (72 gold).
  3771 | D:4      | Bought a scroll of teleportation for 72 gold pieces
  3897 | D:4      | 3897 ||| Stepping ~*~*~tactically~*~*~ (stealth).
  3898 | D:4      | 3898 ||| Stepping ~*~*~tactically~*~*~ (stealth).
  3906 | D:4      | Reached skill level 8 in Unarmed Combat
  3906 | D:4      | Reached XP level 7. HP: 66/66 MP: 7/7
  3993 | D:4      | 3993 ||| UPGRADING to +6 ring of dexterity.
  3994 | D:4      | 3994 ||| READING scroll labelled WIJ HYSOAL.
  3995 | D:4      | 3995 ||| DRINKING 4 green potions.
  4020 | D:5      | Entered Level 5 of the Dungeon
  4038 | D:5      | Found a staircase to the Ecumenical Temple.
  4078 | D:5      | 4078 ||| Stepping ~*~*~tactically~*~*~ (hiding).
  4083 | D:5      | 4083 ||| Stepping ~*~*~tactically~*~*~ (stealth).
  4109 | D:5      | Reached skill level 1 in Dodging
  4134 | D:5      | 4134 ||| Stepping ~*~*~tactically~*~*~ (stealth).
  4152 | D:5      | Reached skill level 3 in Fighting
  4208 | D:5      | 4208 ||| Stepping ~*~*~tactically~*~*~ (stealth).
  4211 | D:5      | 4211 ||| Stepping ~*~*~tactically~*~*~ (stealth).
  4218 | D:5      | 4218 ||| Stepping ~*~*~tactically~*~*~ (stealth).
  4220 | D:5      | 4220 ||| Stepping ~*~*~tactically~*~*~ (stealth).
  4228 | D:5      | Noticed a troll
  4239 | D:5      | 4239 ||| INVOKING Fiery Armour.
  4239 | D:5      | HP: 11/67 [troll (6)]
  4239 | D:5      | HP: 5/67 [troll (6)]
  4240 | D:5      | 4240 ||| READING scroll of teleportation.
  4240 | D:5      | Mangled by a troll

Levels and vault maps discovered:
D:1:      dpeg_arrival_orchard, layout_loops_corners,
          hellmonk_ecumenical_altar_defaced_shrine
D:2:      layout_basic
D:3:      layout_basic, xom_teletrap_fun, uniq_crazy_yiuf_cottage
D:4:      cheibrodos_old_hovel, layout_rooms, serial_shops, shop,
          uniq_blork_the_orc
D:5:      minmay_skewed_foursquare, layout_basic,
          minmay_temple_entry_sparse_star, uniq_menkaure

Skill      XL: |  1  2  3  4  5  6  7 |
---------------+----------------------+-----
Unarmed Combat | 4 5 6 8 |  8.5
Dodging        | 1 |  1.3
Fighting       | 3 |  3.2
Spellcasting   | |  1.0
Fire Magic     | |  2.1

Action                   |  1- 3 |  4- 6 |  7- 9 || total
-------------------------+-------+-------+-------++-------
Melee: Unarmed           |    79 |   193 |    35 ||   307
       Punch             |     1 |     5 |     1 ||     7
Invok: Fiery Armour      |     1 |     1 |     1 ||     3
  Use: Scroll            |     3 |    11 |     2 ||    16
       Potion            |       |     2 |     1 ||     3
Armor: Robe              |    26 |    44 |     8 ||    78
Dodge: Dodged            |    23 |    66 |    17 ||   106

Table legend:
 A = Non-vault XP
 B = Vault XP
 C = Vault XP percentage of total XP
 D = Non-vault monster count
 E = Vault monster count
 F = Vault count percentage of total count
                 A         B        C        D         E       F
            +---------+---------+-------+---------+---------+-------
      Total |    1031 |     141 |  12.0 |      97 |       4 |   4.0
            +---------+---------+-------+---------+---------+-------
        D:1 |      21 |       6 |  22.2 |      17 |       2 |  10.5
        D:2 |     103 |       0 |   0.0 |      18 |       0 |   0.0
        D:3 |     154 |       0 |   0.0 |      33 |       0 |   0.0
        D:4 |     409 |     135 |  24.8 |      19 |       2 |   9.5
        D:5 |     344 |       0 |   0.0 |      10 |       0 |   0.0
            +---------+---------+-------+---------+---------+-------
